Map: Dusk Towers

Players

JimRising

  • Race: Zerg Zerg
  • League: Grandmaster

LiquidBunny (Bunny) - Winner!

  • Race: Terran Terran

Event: NationWars III

VOD

Have the link to the VOD?

Description

Time

  • Played on: Dec. 11, 2015, 12:29 p.m.
  • Length: 11:08
Show
View Real Time Build Order
Export as new Build Order

JimRising Zerg 

Build Orders: Hatch First 

Get SALT Encoding   

  12  0:01  Drone  
  13  0:12  Overlord  
  13  0:18  Drone  
  14  0:31  Drone x2  
  14  0:35  Drone  
  17  0:53  Hatchery  
  17  0:56  Drone  
  17  0:59  Drone  
  17  1:03  Extractor  
  17  1:15  Spawning Pool  
  17  1:16  Drone  
  17  1:20  Drone  
  18  1:29  Drone  
  19  1:40  Overlord  
  19  2:01  Queen  
  19  2:02  Zergling x4  
  19  2:05  Metabolic Boost  
  19  2:06  Queen  
  25  2:11  Drone  
  25  2:12  Drone  
  27  2:15  Drone  
  28  2:23  Drone  
  28  2:28  Drone  
  30  2:34  Drone  
  31  2:37  Queen  
  31  2:41  Overlord  
  33  2:46  Queen  
  33  2:48  Drone  
  36  2:58  Overlord  
  36  3:00  Drone x2  
  36  3:05  Drone  
  39  3:18  Drone x4  
  39  3:19  Drone x3  
  46  3:29  Hatchery  
  45  3:35  Overlord  
  45  3:39  Drone  
  46  3:43  Roach Warren  
  44  3:50  Zergling x8  
  44  3:51  Zergling x4  
  49  3:56  Drone x2  
  49  4:00  Extractor  
  49  4:01  Drone x3  
  53  4:05  Lair  
  53  4:18  Overlord  
  53  4:26  Roach  
  53  4:27  Roach x2  
  53  4:28  Overlord x2  
  53  4:29  Overlord  
  59  4:38  Spore Crawler, Drone  
  58  4:41  Extractor  
  58  4:43  Drone x2  
  58  4:44  Drone  
  58  4:45  Drone x2  
  63  4:49  Drone  
  63  4:50  Drone x2  
  63  4:51  Evolution Chamber  
  63  4:52  Evolution Chamber, Drone x2  
  66  4:57  Ravager x3  
  69  5:02  Spore Crawler  
  68  5:20  Zerg Ground Armor Level 1  
  68  5:21  Drone x2  
  68  5:22  Drone  
  68  5:24  Drone, Overlord  
  68  5:27  Extractor  
  71  5:29  Zerg Missile Weapons Level 1  
  71  5:30  Drone x2  
  71  5:31  Drone x2  
  71  5:32  Drone x2  
  77  5:39  Drone x3  
  77  5:40  Drone  
  81  5:45  Zergling x10  
  81  5:48  Roach  
  81  5:49  Roach  
  88  5:54  Spore Crawler  
  83  6:00  Drone  
  83  6:02  Spore Crawler  
  83  6:09  Ravager x2  
  83  6:14  Drone, Overlord  
  83  6:15  Glial Reconstitution  
  84  6:20  Drone x2  
  84  6:21  Overlord x2  
  86  6:28  Drone  
  86  6:29  Drone  
  86  6:30  Drone x2  
  86  6:31  Drone  
  90  6:33  Roach x4  
  90  6:37  Roach x2  
  100  6:44  Roach x3  
  100  6:45  Roach  
  108  6:48  Roach  
  108  6:49  Roach  
  108  6:51  Roach  
  108  6:52  Roach  
  118  6:54  Roach  
  118  7:03  Roach x2  
  122  7:20  Overlord x6  
  120  7:30  Roach  
  120  7:32  Roach  
  120  7:40  Roach x4  
  120  7:41  Roach x7  
  142  7:45  Zerg Ground Armor Level 2  
  142  7:46  Ravager x2  
  142  7:48  Roach  
  142  7:50  Roach  
  148  7:52  Hatchery, Roach  
  149  8:00  Roach x2  
  149  8:05  Roach x2  
  156  8:06  Roach x2  
  160  8:16  Hatchery, Roach x3  
  160  8:18  Overlord x3  
  162  8:25  Overlord  
  162  8:29  Overlord  
  162  8:36  Roach x8  
  169  8:51  Drone x3  
  169  8:52  Drone  
  169  8:54  Extractor x2  
  159  8:56  Drone  
  159  8:57  Drone x2, Infestation Pit  
  159  8:58  Drone  
  159  8:59  Drone x2  
  159  9:00  Roach x2  
  159  9:01  Roach x3  
  170  9:18  Drone x3  
  173  9:24  Ravager  
  173  9:25  Ravager  
  173  9:31  Queen  
  177  9:35  Extractor  
  177  9:36  Overlord, Extractor  
  177  9:37  Hatchery  
  174  9:39  Hive, Extractor x2  
  174  9:40  Pathogen Glands  
  174  9:42  Drone x4  
  174  9:43  Drone x5  
  181  9:51  Ravager x2, Roach x6  
  195  9:55  Roach x2  
  199  10:28  Roach  
  193  10:37  Overlord x3  
  193  10:48  Roach x19  
  193  10:49  Roach x2  
Show
View Real Time Build Order
Export as new Build Order

LiquidBunny Terran - Winner!

Build Orders: Command Center First (CC), Liberator Opening, Bio Tank 

Get SALT Encoding   

  12  0:00  SCV  
  13  0:13  SCV  
  14  0:19  Supply Depot  
  14  0:25  SCV  
  15  0:40  SCV  
  16  0:52  SCV  
  17  1:00  Command Center  
  17  1:04  SCV  
  18  1:12  Barracks  
  18  1:17  SCV  
  19  1:21  Refinery  
  19  1:27  Refinery  
  19  1:29  SCV  
  20  1:41  SCV  
  22  1:59  Marine, Orbital Command  
  22  2:11  Factory  
  22  2:12  Orbital Command  
  22  2:18  Barracks Reactor  
  22  2:22  Supply Depot  
  22  2:25  SCV  
  23  2:38  SCV  
  23  2:39  SCV  
  25  2:50  SCV  
  25  2:51  SCV  
  27  2:55  Starport  
  27  3:02  SCV, Hellion x2  
  27  3:03  SCV  
  27  3:04  Barracks Reactor  
  33  3:06  Refinery  
  33  3:14  SCV  
  33  3:15  SCV  
  35  3:22  Supply Depot  
  35  3:26  SCV  
  36  3:27  SCV  
  36  3:29  Liberator  
  37  3:35  Liberator  
  37  3:38  SCV  
  38  3:41  Command Center, SCV  
  42  3:50  SCV  
  42  3:54  SCV  
  47  3:57  Barracks Tech Lab  
  47  4:02  SCV  
  48  4:03  Supply Depot  
  48  4:06  SCV  
  49  4:15  Liberator  
  49  4:16  SCV, Barracks  
  50  4:17  Factory Reactor, Barracks  
  50  4:18  SCV  
  50  4:19  Liberator  
  50  4:22  Stimpack  
  50  4:23  Marine  
  52  4:30  SCV x2  
  60  4:41  Marine  
  60  4:42  SCV  
  62  4:46  Supply Depot  
  62  4:53  SCV, Orbital Command  
  62  4:54  SCV  
  64  5:01  Engineering Bay  
  64  5:04  Marine  
  64  5:05  SCV  
  64  5:06  SCV  
  67  5:13  Factory Tech Lab  
  67  5:15  Marine x2  
  67  5:16  Marine x2  
  67  5:17  SCV  
  67  5:18  SCV  
  67  5:20  Orbital Command  
  73  5:21  Refinery  
  73  5:22  Engineering Bay  
  73  5:23  Marine  
  70  5:29  SCV  
  70  5:30  SCV  
  70  5:32  Terran Infantry Weapons Level 1  
  70  5:33  Marine x4  
  76  5:39  Medivac  
  76  5:41  SCV, Marine  
  76  5:42  Medivac  
  82  5:47  SCV  
  83  5:51  Marine x2  
  83  5:56  Marine  
  85  6:09  Marine x2  
  85  6:10  SCV  
  85  6:11  Supply Depot  
  85  6:13  Armory  
  85  6:14  SCV x2, Marine x3  
  85  6:15  Liberator x2  
  85  6:17  Terran Infantry Armor Level 1, Supply Depot  
  90  6:22  SCV  
  91  6:26  SCV x2  
  91  6:30  Marine x2  
  91  6:32  Marine x3  
  93  6:37  Supply Depot  
  93  6:39  SCV x3  
  104  6:43  Combat Shields  
  104  6:44  Siege Tank  
  107  6:47  Supply Depot  
  107  6:48  Marine x2  
  109  6:58  SCV x3, Marine x3  
  115  7:01  Refinery  
  115  7:02  Refinery  
  115  7:05  Terran Vehicle Weapons Level 1  
  115  7:06  Supply Depot, Marine x2  
  116  7:10  SCV  
  115  7:16  Siege Tank, Marine x2  
  115  7:19  SCV, Marine  
  115  7:21  Command Center, Barracks x2  
  119  7:23  Marine  
  119  7:25  Marine  
  119  7:29  Factory  
  121  7:34  Marine x2  
  121  7:36  Marine  
  124  7:38  Terran Infantry Weapons Level 2  
  124  7:41  Marine  
  124  7:43  Marine  
  126  7:50  Supply Depot  
  126  7:52  Siege Tank, Marine x2  
  126  7:54  Marine  
  132  7:59  Marine  
  133  8:06  Marine  
  133  8:11  Marine x2  
  133  8:12  Marine  
  135  8:13  Barracks Reactor x2  
  135  8:15  Supply Depot x3  
  135  8:16  Terran Infantry Armor Level 2  
  135  8:17  Marine  
  135  8:19  Factory Tech Lab  
  133  8:24  Siege Tank, Marine  
  137  8:29  Marine x2  
  137  8:30  Barracks x2, Marine  
  137  8:32  Barracks  
  140  8:35  Marine  
  140  8:38  Ghost Academy, Siege Tank  
  144  8:42  Marine  
  144  8:47  Marine x2  
  144  8:48  Marine  
  146  8:51  Marine x2  
  146  8:52  Marine, Medivac x2  
  153  8:56  Siege Tank  
  153  8:58  Planetary Fortress  
  153  8:59  SCV, Marine  
  153  9:00  Marine  
  159  9:05  Marine x2  
  160  9:16  Siege Tank  
  163  9:19  Barracks Tech Lab x2  
  163  9:20  Barracks Tech Lab  
  163  9:22  Medivac x2  
  163  9:23  Missile Turret  
  167  9:26  Marine  
  167  9:27  Marine x4  
  167  9:28  Siege Tank  
  175  9:35  SCV  
  176  9:40  Marine x4  
  180  9:53  Supply Depot  
  180  9:54  Supply Depot, Ghost x2, Marine x4  
  180  9:57  Refinery x2  
  188  10:14  Marine x5  
  188  10:15  Siege Tank, Ghost  
  188  10:16  Marine x2  
  188  10:17  Command Center  
  200  10:27  Marine  
  200  10:28  Siege Tank, Marine x2  
  200  10:31  Marine  
  200  10:34  Marine x2  
  194  10:37  Marine x2  
  194  10:41  Marine  
  194  10:42  Marine  
  197  10:48  Marine x2  
  170  10:50  Marine x2  
Tags
 
Add a new tag
Caveats
  • Supply blocks, unpowered buildings, or Contaminate may cause inaccurate times.
  • Supply counts are checked every 10 seconds.